 Dungeon Crawl Stone Soup version 0.28.0-53-g5a82cb258f (webtiles) character file.

Game seed: 4903040039864425659

13841 doricub5 the Fighter (level 11, -8/107 HPs)
             Began as a Minotaur Fighter on July 19, 2022.
             Was the Champion of Okawaru.
             Mangled by a freezing wraith (22 damage)
             ... led by a death knight
             ... on level 11 of the Dungeon.
             The game lasted 01:00:21 (13142 turns).

doricub5 the Fighter (Minotaur Fighter)            Turns: 13142, Time: 01:00:21

Health: -8/107     AC: 18    Str: 24    XL:     11   Next: 80%
Magic:  14/14      EV:  7    Int:  5    God:    Okawaru [******]
Gold:   607        SH: 11    Dex: 11    Spells: 10/10 levels left

rFire   . . .      SeeInvis .   a - +0 war axe (elec)
rCold   . . .      Faith    .   c - +0 buckler
rNeg    . . .      Spirit   .   m - +0 plate armour
rPois   .          Reflect  +   (helmet restricted)
rElec   .          Harm     .   j - scarf {repulsion}
rCorr   .          Rampage  .   s - +0 pair of gloves
Will    .....                   D - +1 pair of boots
Stlth   ..........              h - amulet of reflection
HPRegen 0.27/turn               (no ring)
MPRegen 0.14/turn               (no ring)

@: slowed, repel missiles, very slow
A: horns 2, retaliatory headbutt
a: Renounce Religion, Heroism, Finesse, Duel


You were on level 11 of the Dungeon.
You worshipped Okawaru.
Okawaru was exalted by your worship.
You visited 1 branch of the dungeon, and saw 12 of its levels.

You collected 897 gold pieces.
You spent 290 gold pieces at shops.

Inventory:

Hand Weapons
 a - a +0 war axe of electrocution (weapon)
 A - a +2 dagger of draining
 O - a +0 war axe
 P - a +0 war axe of protection
Missiles
 J - 5 javelins (quivered)
Armour
 c - a +0 buckler (worn)
 j - a scarf of repulsion (worn)
 m - a +0 plate armour (worn)
 s - a +0 pair of gloves (worn)
 D - a +1 pair of boots (worn)
 E - a +1 chain mail of fire resistance
Jewellery
 h - an amulet of reflection (around neck)
Wands
 f - a wand of acid (2)
 p - a wand of polymorph (6)
 q - a wand of digging (5)
 v - a wand of iceblast (3)
 F - a wand of flame (23)
 N - a wand of paralysis (4)
 T - a wand of mindburst (7)
Scrolls
 g - 3 scrolls of fog
 k - 2 scrolls of immolation
 l - a scroll of magic mapping {unknown}
 o - 7 scrolls of teleportation
 r - 3 scrolls of vulnerability
 u - a scroll of torment {unknown}
 z - a scroll of enchant weapon {unknown}
 G - 4 scrolls of fear
 H - a scroll of summoning {unknown}
 L - a scroll of blinking {unknown}
 M - a scroll of noise {unknown}
 R - a scroll of holy word {unknown}
Potions
 b - 2 potions of ambrosia
 d - 2 potions of might
 e - 3 potions of lignification
 n - a potion of berserk rage
 t - 6 potions of curing
 w - 2 potions of flight
 B - a potion of magic {unknown}
 C - a potion of mutation {unknown}
 K - a potion of brilliance {unknown}


   Skills:
 * Level 13.5 Fighting
 * Level 11.8 Axes
 - Level 1.6 Throwing
 + Level 10.0 Armour
 + Level 10.0 Shields
 * Level 5.4 Invocations


You had 10 spell levels left.
You didn't know any spells.
Your spell library contained the following spells:

 Spells                   Type           Power      Damage    Failure   Level
 Gell's Gravitas          Tloc           0%         N/A       100%        3
 Lesser Beckoning         Tloc           0%         N/A       100%        3
 Ozocubu's Armour         Ice            0%         N/A       100%        3
 Teleport Other           Tloc           0%         N/A       100%        3
 Olgreb's Toxic Radiance  Pois           0%         N/A       100%        4
 Metabolic Englaciation   Hex/Ice        0%         N/A       100%        5
 Ozocubu's Refrigeration  Ice            0%         4d5       100%        7
 Storm Form               Tmut/Air       0%         N/A       100%        7
 Ignition                 Fire           0%         3d3       100%        8
 Maxwell's Capacitive Co  Air            0%         ∞         100%        8
 Summon Lightning Spire   Summ/Air       Unusable   N/A       N/A         4
 Simulacrum               Ice/Necr       Unusable   N/A       N/A         6

Dungeon Overview and Level Annotations

Branches:
Dungeon (12/15)            Temple (0/1) D:6            Lair (0/6) D:10
    Orc: D:9-12

Altars:
Ashenzari
Cheibriados
Dithmenos
Elyvilon
Fedhas
Kikubaaqudgha
Makhleb
Okawaru
Qazlal
Sif Muna
Uskayaw
Vehumet
Yredelemnul

Shops:
D:1 (!*:   D:6 [


Innate Abilities, Weirdness & Mutations

You have a pair of horns on your head.
You reflexively headbutt those who attack you in melee.


Message History

The freezing wraith barely misses you.
The freezing wraith hits you but does no damage.
You block the freezing wraith's attack.
You climb upwards.
There is a stone staircase leading down, spattered with blood here.
You hit the freezing wraith but do no damage.
You barely miss the freezing wraith.
The freezing wraith hits you but does no damage.
The freezing wraith hits you. The freezing wraith drains your vigour!
You feel yourself slow down. You block the freezing wraith's attack.
The freezing wraith closely misses you.
You hit the freezing wraith.
The freezing wraith is lightly damaged.
You barely miss the freezing wraith. The freezing wraith hits you!
The freezing wraith freezes you! The freezing wraith barely misses you.
The freezing wraith hits you but does no damage.
The freezing wraith hits you! The freezing wraith drains your vigour!
You feel as though you will be slow longer.
You are too injured to fight recklessly!
You are too injured to fight recklessly!
You are too injured to fight recklessly!
You hit the freezing wraith but do no damage.
You slash the freezing wraith! You block the freezing wraith's attack.
The freezing wraith barely misses you. The freezing wraith hits you.
* * * LOW HITPOINT WARNING * * *
The freezing wraith freezes you!
* * * LOW HITPOINT WARNING * * *
You block the freezing wraith's attack.
The freezing wraith hits you but does no damage. x2
You block the freezing wraith's attack.
The freezing wraith hits you but does no damage.
You hit the freezing wraith but do no damage.
Lightning courses through the freezing wraith!
You headbutt the freezing wraith!
The freezing wraith is heavily damaged.
You hit the freezing wraith but do no damage.
The freezing wraith hits you.
* * * LOW HITPOINT WARNING * * *
The freezing wraith freezes you!!
You die...

#.............##.....#...........
#.............##.....#...........
#.............##.....#.......##..
#..............[.....####.[..####
##############'#........#....#
#...<..........#........#....#
#...........[..#>.......#....#
#..............#)W.##...#....#
#....(.........#@).##...#....#
#..............#W[.##...#....#
#..............#...##...#....#
#.......##.....#........#....#
##......##.....#........######
##......##.....#........#
##......##.....#........#
...............##########
.......................#


You could see 2 freezing wraiths.

Vanquished Creatures
  Harold (D:11)
  A two-headed ogre (D:10)
  Sonja (D:10)
  A necromancer (D:10)
  A cyclops (D:12)
  A gargoyle (D:11)
  An unseen horror (D:11)
  4 kobold demonologists
  3 trolls
  Grinder (D:4)
  A vampire (D:10)
  15 yaks
  Sigmund (D:4)
  A shadow (D:9)
  4 wraiths
  2 wyverns
  4 vampire mosquitoes (D:11)
  The ghost of turdburglar the Sneak, an amateur GnEn (D:4)
  Edmund (D:6)
  An acid dragon (D:10)
  2 water moccasins
  5 orc warriors
  A hornet zombie (D:5)
  3 necrophages
  4 ogres
  5 centaurs
  A phantom (D:5)
  2 kobold brigands (D:9)
  3 bullfrogs
  3 gnoll sergeants
  A wyvern skeleton (D:7)
  A water moccasin skeleton (D:4)
  A wight (D:8)
  4 killer bees (D:7)
  2 howler monkeys
  A bullfrog zombie (D:6)
  4 centaur zombies
  4 hounds
  A human zombie (D:8)
  8 orc priests
  2 jellies
  A bullfrog skeleton (D:5)
  An iguana (D:6)
  Jessica (D:3)
  Ijyb (D:3)
  2 polar bear simulacra (D:10)
  15 orc wizards
  4 yak simulacra (D:10)
  5 killer bee zombies
  3 wolf simulacra (D:10)
  A hound skeleton (D:4)
  3 mummies (D:8)
  Robin (D:2)
  17 gnolls
  5 adders
  A howler monkey skeleton (D:7)
  An ufetubus (D:5)
  2 worms (D:2)
  4 dart slugs
  39 orcs
  4 endoplasms
  A giant cockroach (D:2)
  7 goblins
  15 hobgoblins
  11 jackals
  7 quokkas
  8 ball pythons
  8 bats
  4 frilled lizards
  14 kobolds
  9 rats
  2 river rat simulacra (D:10)
301 creatures vanquished.

Vanquished Creatures (others)
  A fungus (D:12)
  23 plants
24 creatures vanquished.

Grand Total: 325 creatures vanquished

Notes
Turn   | Place    | Note
-------+----------+-------------------------------------------
     0 | D:1      | doricub5 the Minotaur Fighter began the quest for the Orb.
     0 | D:1      | Reached XP level 1. HP: 19/19 MP: 0/0
     5 | D:1      | Found a faded altar of an unknown god.
   124 | D:1      | Found Subleh's Book Shoppe.
   154 | D:1      | Reached XP level 2. HP: 27/27 MP: 1/1
   219 | D:1      | Found Siamou's Assorted Antiques.
   348 | D:1      | Reached skill level 4 in Fighting
   579 | D:1      | Found Lonocuigui's Weapon Shoppe.
   599 | D:1      | Found Fyluor's Distillery.
   919 | D:2      | Reached XP level 3. HP: 34/34 MP: 2/2
  1456 | D:2      | Noticed Robin
  1464 | D:2      | Killed Robin
  1465 | D:2      | Reached XP level 4. HP: 36/41 MP: 3/3
  1778 | D:3      | Reached skill level 5 in Fighting
  2128 | D:3      | Reached XP level 5. HP: 48/48 MP: 4/4
  2164 | D:3      | Noticed Jessica
  2173 | D:3      | Killed Jessica
  2352 | D:3      | Found a shadowy altar of Dithmenos.
  2372 | D:3      | Noticed Ijyb
  2386 | D:3      | Killed Ijyb
  2387 | D:3      | Reached skill level 5 in Armour
  2761 | D:3      | Found a snail-covered altar of Cheibriados.
  2767 | D:3      | Found a blossoming altar of Fedhas.
  2772 | D:3      | Found a white marble altar of Elyvilon.
  2870 | D:4      | Noticed Grinder
  2870 | D:4      | Found a runed translucent door.
  2880 | D:4      | Paralysed by Grinder for 3 turns
  3013 | D:4      | Noticed Sigmund
  3021 | D:4      | Killed Sigmund
  3022 | D:4      | Reached skill level 6 in Fighting
  3022 | D:4      | Reached skill level 5 in Shields
  3022 | D:4      | Reached XP level 6. HP: 58/58 MP: 5/5
  3044 | D:4      | Reached skill level 7 in Fighting
  3088 | D:4      | Reached XP level 7. HP: 66/66 MP: 6/6
  3091 | D:4      | Found a broken altar of Ashenzari.
  3095 | D:4      | Paralysed by Grinder for 7 turns
  3110 | D:4      | Killed Grinder
  3651 | D:4      | Found a shimmering blue altar of Sif Muna.
  3684 | D:4      | Noticed turdburglar's ghost (amateur GnEn)
  3708 | D:4      | Killed turdburglar's ghost
  3709 | D:4      | Reached skill level 8 in Fighting
  3833 | D:1      | Bought a potion of curing for 30 gold pieces
  3833 | D:1      | Bought a potion of flight for 30 gold pieces
  3833 | D:1      | Bought a potion of heal wounds for 50 gold pieces
  3909 | D:5      | Entered Level 5 of the Dungeon
  3932 | D:5      | Reached XP level 8. HP: 52/74 MP: 7/7
  4081 | D:4      | Reached skill level 5 in Axes
  4227 | D:5      | Found an iron altar of Okawaru.
  4242 | D:5      | Became a worshipper of Warmaster Okawaru
  4634 | D:5      | Reached skill level 9 in Fighting
  4747 | D:5      | Found a stormy altar of Qazlal.
  4868 | D:5      | Identified the +1 helmet "Xiet" {rCorr Int-2 SInv}
  4980 | D:6      | Found Rekuj's Antique Armour Shop.
  4982 | D:6      | Noticed Edmund
  4990 | D:6      | Killed Edmund
  5002 | D:6      | Bought a shiny chain mail for 180 gold pieces
  5238 | D:6      | Found a staircase to the Ecumenical Temple.
  5310 | D:6      | Reached * piety under Okawaru
  5344 | D:6      | Reached XP level 9. HP: 81/84 MP: 8/8
  5356 | D:6      | Found a burning altar of Makhleb.
  5938 | D:7      | Reached skill level 10 in Fighting
  6508 | D:7      | Reached ** piety under Okawaru
  7035 | D:8      | Reached skill level 1 in Throwing
  7578 | D:8      | Found a radiant altar of Vehumet.
  7969 | D:8      | Reached skill level 1 in Invocations
  8238 | D:8      | Found a basalt altar of Yredelemnul.
  8338 | D:9      | Reached skill level 11 in Fighting
  8418 | D:9      | Noticed a +0 spear
  8426 | D:9      | Noticed a kobold demonologist
  8427 | D:9      | Noticed a kobold demonologist
  8428 | D:9      | Reached XP level 10. HP: 95/95 MP: 10/10
  8435 | D:9      | Reached *** piety under Okawaru
  8557 | D:9      | Noticed a +0 dagger
  8557 | D:9      | Noticed a +0 falchion
  8557 | D:9      | Noticed a +0 spear
  8558 | D:9      | Noticed a +0 short sword
  8559 | D:9      | Noticed a +0 falchion
  8559 | D:9      | Noticed a +0 dagger
  8559 | D:9      | Noticed a +0 short sword
  8573 | D:9      | Found a hide-covered altar of Uskayaw.
  9224 | D:9      | Found an ancient bone altar of Kikubaaqudgha.
  9264 | D:10     | Entered Level 10 of the Dungeon
  9275 | D:10     | Found a staircase to the Lair.
  9295 | D:10     | Reached **** piety under Okawaru
  9320 | D:10     | Reached skill level 12 in Fighting
  9320 | D:10     | Reached skill level 10 in Axes
 10050 | D:10     | Noticed Sonja
 10064 | D:10     | Killed Sonja
 10064 | D:10     | Reached ***** piety under Okawaru
 10065 | D:10     | Reached XP level 11. HP: 39/101 MP: 12/12
 10354 | D:10     | Noticed a two-headed ogre
 10362 | D:10     | Killed a two-headed ogre
 10850 | D:10     | Noticed a necromancer
 10852 | D:10     | Killed a necromancer
 11497 | D:11     | Reached skill level 13 in Fighting
 11773 | D:11     | Noticed Harold
 11785 | D:11     | Killed Harold
 12509 | D:12     | Reached ****** piety under Okawaru
 12510 | D:12     | Reached skill level 5 in Invocations
 12715 | D:11     | HP: 5/107 [something (6)]
 13060 | D:11     | Reached skill level 10 in Armour
 13075 | D:11     | Reached skill level 10 in Shields
 13096 | D:12     | Noticed an orc knight
 13142 | D:11     | Mangled by a freezing wraith

Illustrated notes

Levels and vault maps discovered:
D:1:      eino_arrival_water_cross, layout_loops_ring,
          shapermc_ecumenical_altar_starsandcircs, serial_shops,
          nicolae_shop_behind_doors, shop_fountains, shop, shop,
          nrook_mini_vaults, minivault_26, chequers_garden, minmay_pentomino_x2
D:2:      layout_basic, uniq_robin
D:3:      layout_basic, nicolae_dithmenos_shadow_blocks,
          minmay_overflow_temple_star_quad, uniq_ijyb, uniq_jessica
D:4:      layout_rooms, kennysheep_mini_moat,
          mainiacjoe_overflow_concentric_impassable, ebering_ghost_sewer_d,
          serial_bayou_crossing, uniq_sigmund, uniq_grinder
D:5:      layout_gridville, okawaru_gym_becter, amcnicky_altar_gilded,
          corexii_item_surrounded_by_moat
D:6:      layout_basic, mainiacjoe_overflow_chevrons,
          minmay_temple_entry_antechambers, serial_shops,
          nicolae_lakefront_shop, uniq_edmund
D:7:      layout_loops_corners
D:8:      layout_loops_ring, lemuel_mausoleum_altar_yredelemnul,
          mainiacjoe_overflow_paths
D:9:      layout_roguey, lemuel_round_altar, nicolae_uskayaw_en_pointe,
          chequers_serial_rivers_micro_e
D:10:     minmay_flawed_box, layout_loops_corners, dpeg_oklobed_lair,
          eino_house_with_fridge, uniq_sonja
D:11:     layout_stronghold, minmay_misc_feat_hallway, uniq_harold
D:12:     layout_big_octagon, david_orc_5, pond

Skill      XL: |  1  2  3  4  5  6  7  8  9 10 11 |
---------------+----------------------------------+-----
Fighting       | 4 5 6 7 8 9 11 12 13 | 13.5
Armour         | 4 5 6 7 8 9 10 | 10.0
Shields        | 4 5 6 7 8 9 10 | 10.0
Axes           | 4 6 8 10 11 | 11.8
Throwing       | 1 |  1.6
Invocations    | 1 3 5 |  5.4

Action                   |  1- 3 |  4- 6 |  7- 9 | 10-12 || total
-------------------------+-------+-------+-------+-------++-------
Melee: War axe           |    83 |    96 |   327 |   320 ||   826
       Headbutt          |    19 |    17 |    61 |    63 ||   160
Throw: Throwing net      |       |       |     1 |       ||     1
       Javelin           |       |       |       |     7 ||     7
Invok: Heroism           |       |       |       |     1 ||     1
  Use: Potion            |       |     1 |     1 |     4 ||     6
       Scroll            |       |       |     8 |     6 ||    14
 Stab: Held in net/web   |       |       |       |     2 ||     2
Armor: Scale mail        |    35 |    41 |       |       ||    76
       Chain mail        |       |    11 |   168 |    19 ||   198
       Skin              |       |       |    10 |    37 ||    47
       Plate armour      |       |       |       |   156 ||   156
Dodge: Dodged            |    44 |    51 |    94 |    89 ||   278
       Repelled          |     1 |       |       |       ||     1
Block: Buckler           |    15 |    24 |   123 |   198 ||   360
       Reflection        |       |       |     2 |    12 ||    14
